 Dungeon Crawl Stone Soup version 0.30-a0-1164-ge08a67761e (webtiles) character file.

Game seed: 18418355505880994304

8155 themarg the Fighter (level 11, -2/117 HPs)
             Began as a Troll Earth Elementalist on Apr 30, 2023.
             Was a Priest of Okawaru.
             Slain by a two-headed ogre
             ... wielding a +0 giant club
              (18 damage)
             ... on level 10 of the Dungeon.
             The game lasted 00:23:13 (8164 turns).

themarg the Fighter (Troll Earth Elementalist)      Turns: 8164, Time: 00:23:14

Health: -2/117     AC:  7    Str: 22    XL:     11   Next: 6%
Magic:  9/13       EV: 12    Int: 11    God:    Okawaru [***...]
Gold:   198        SH:  0    Dex: 10    Spells: 11/12 levels left

rFire   . .          .
                       - Unarmed
rCold   . . .        (no shield)
rNeg    . . .        a - +0 robe
rPois   +            (helmet restricted)
rElec   .            k - +2 cloak
rCorr   .            (gloves unavailable)
SInv    .            (boots unavailable)
Will    .....        h - amulet of regeneration
Stlth   +++          w - ring of poison resistance
HPRegen 1.99/turn    (no ring)
MPRegen 0.13/turn

%: no passive effects
@: heroic
A: large, unfitting armour, claws 3, regeneration 1, shaggy fur 1, tough skin 1
a: Renounce Religion, Heroism


You were on level 10 of the Dungeon.
You worshipped Okawaru.
Okawaru was most pleased with you.
You visited 2 branches of the dungeon, and saw 11 of its levels.
You also visited: Ossuary.

You collected 590 gold pieces.
You spent 392 gold pieces at shops.

Inventory:

Hand Weapons
 E - the +4 short sword of Rubbish {antimagic, rF+}
   (You found it on level 6 of the Dungeon)

   rF:        It protects you from fire.
Missiles
 c - 69 stones
 r - 31 poisoned darts
 y - 28 boomerangs
 F - 5 large rocks
 I - a curare-tipped dart
Armour
 a - a +0 robe (worn)
 k - a +2 cloak (worn)
 M - a +0 kite shield
Jewellery
 f - a ring of flight
 h - an amulet of regeneration (around neck)
 w - a ring of poison resistance (left claw)
 B - a ring of ice
 D - the amulet of Macvis {Reflect Regen+ Str+3 SH+5}
   (You found it on level 6 of the Dungeon)

   [amulet of reflection]

   It reflects blocked missile attacks.
   Str:       It affects your strength (+3).
   Regen:     It increases your rate of health regeneration.
   SH:        It affects your SH (+5).
Wands
 l - a wand of flame (11)
 G - a wand of iceblast (17)
Scrolls
 d - 2 scrolls of immolation
 g - 2 scrolls of blinking
 i - 3 scrolls of enchant weapon
 m - 2 scrolls of magic mapping
 o - 2 scrolls of summoning
 p - 3 scrolls of fear
 s - a scroll of brand weapon
 u - a scroll of poison {unknown}
 v - 2 scrolls of amnesia
 x - 3 scrolls of vulnerability
 A - 7 scrolls of teleportation
 H - a scroll of enchant armour {unknown}
 K - a scroll of torment {unknown}
 L - a scroll of identify
Potions
 b - a potion of magic
 e - 3 potions of brilliance
 j - a potion of ambrosia
 n - 7 potions of curing
 q - 2 potions of mutation
 t - a potion of heal wounds {unknown}
 z - a potion of haste {unknown}
 C - 2 potions of might
 J - 2 potions of berserk rage


   Skills:
 - Level 10.0(15.0) Fighting
 + Level 5.0(10.0) Throwing
 - Level 5.0(10.0) Dodging
 - Level 1.0(6.0) Stealth
 + Level 0.0(5.0) Shields
 + Level 7.0(12.0) Unarmed Combat
 - Level 1.2 Spellcasting
 - Level 0.6 Transmutations
 - Level 2.6 Earth Magic
 + Level 5.0 Invocations
 - Level 2.0 Evocations


You had 11 spell levels left.
You knew the following spells:

 Your Spells              Type           Power      Damage    Failure   Level
a - Sandblast             Erth           12%        2d6       11%         1

Your spell library contained the following spells:

 Spells                   Type           Power      Damage    Failure   Level
 Passwall                 Tmut/Erth      3%         N/A       24%         2
 Cigotuvi's Dreadful Rot  Necr/Pois/Air  0%         N/A       43%         2
 Static Discharge         Conj/Air       0%         2-2/arc   43%         2
 Sublimation of Blood     Necr           0%         N/A       43%         2
 Stone Arrow              Conj/Erth      6%         3d7       50%         3
 Hailstorm                Conj/Ice       0%         3d3       67%         3
 Petrify                  Tmut/Erth      4%         N/A       85%         4
 Ice Form                 Ice/Tmut       1%         N/A       95%         4
 Airstrike                Air            0%         2d(0-16)  97%         4
 Dispel Undead            Necr           0%         3d6       97%         4
 Irradiate                Conj/Tmut      0%         3d11      100%        5
 Summon Lightning Spire   Summ/Air       Unusable   N/A       N/A         4
 Death Channel            Necr           Unusable   N/A       N/A         6
 Simulacrum               Ice/Necr       Unusable   N/A       N/A         6

Dungeon Overview and Level Annotations

Branches:
Dungeon (10/15)            Temple (1/1) D:7            Lair (0/5) D:9
    Orc (0/2) D:9         Ossuary (visited)

Altars:
Ashenzari
Cheibriados
Dithmenos
Elyvilon
Fedhas
Gozag
Kikubaaqudgha
Makhleb
Nemelex Xobeh
Okawaru
Qazlal
Ru
Sif Muna
Trog
Uskayaw
Vehumet
Wu Jian
Xom
Yredelemnul
Zin
The Shining One

Shops:
D:6 ?   D:7 *   D:9 *

Annotations:
D:3 Ijyb, Terence
D:4 exclusion: upstairs
D:5 Dowan, Duvessa
D:7 3 runed translucent doors, exclusion: 3 doors, BillyBaka's ghost, novice MiFi; thug444's ghost, novice TrTm


Innate Abilities, Weirdness & Mutations

You are too large for most types of armour.
You have claws for hands.
Your natural rate of healing is unusually fast.
You are covered in fur. (AC +1)
You have tough skin. (AC +1)


Message History

The puff of flame hits the two-headed ogre.
The two-headed ogre is moderately wounded.
Aiming: Throw Flame
Press: ? - help, Shift-Dir - straight line, f/p - two-headed ogre
Aim: a two-headed ogre, wielding a +0 giant club and a +0 giant spiked club (moderately wounded, 86% to hit)
The puff of flame hits the two-headed ogre.
The two-headed ogre is moderately wounded.
You claw the two-headed ogre!
The two-headed ogre is heavily wounded.
You barely miss the two-headed ogre.
The two-headed ogre is heavily wounded.
The two-headed ogre hits you with a +0 giant club!!
The two-headed ogre closely misses you.
You claw the two-headed ogre!
The two-headed ogre is severely wounded.
The two-headed ogre barely misses you.
The two-headed ogre hits you with a +0 giant spiked club!!
You completely miss the two-headed ogre.
The two-headed ogre is severely wounded.
A troll comes into view.
You barely miss the two-headed ogre.
The two-headed ogre is severely wounded.
The two-headed ogre hits you with a +0 giant club!
The two-headed ogre completely misses you.
You completely miss the two-headed ogre.
The two-headed ogre is severely wounded.
You gain the combat prowess of a mighty hero.
The two-headed ogre hits you with a +0 giant club!!
The two-headed ogre barely misses you.
You scratch the two-headed ogre.
The two-headed ogre is severely wounded.
The two-headed ogre hits you with a +0 giant club!!
* * * LOW HITPOINT WARNING * * *
The two-headed ogre hits you with a +0 giant spiked club!
* * * LOW HITPOINT WARNING * * *
You feel better.
Okay, then.
You feel more confident with your borrowed prowess.
The two-headed ogre hits you with a +0 giant club!!
You die...

.# .## .>#
#..# ..
##...#
....###....#
...........#
....###<...#
.....TO@...#
.#.#.##.#..#
# #.#..# ..#
.# .## .# ..
# #. ..


You could see a two-headed ogre and a troll.

Vanquished Creatures
  A two-headed ogre (D:9)
  Maurice (D:9)
  A troll (D:9)
  A shadow (D:9)
  Sigmund (D:3)
  3 wyverns
  A vampire (D:9)
  10 yaks
  Menkaure (D:7)
  2 wargs (D:9)
  3 water moccasins
  3 sky beasts
  3 ogres
  6 orc warriors
  4 centaurs
  2 elf zombies (Ossuary)
  4 kobold brigands
  2 bullfrogs
  2 scorpions
  10 wights
  A howler monkey (D:4)
  2 jellies (D:5)
  2 centaur zombies (Ossuary)
  4 hounds
  A human zombie (Ossuary)
  4 orc priests
  2 gnoll boudas
  3 iguanas
  A sleepcap (D:5)
  16 orc wizards
  2 hound zombies (Ossuary)
  3 mummies
  Robin (D:3)
  9 gnolls
  5 adders (D:4)
  4 white imps
  An ufetubus (D:4)
  An adder zombie (Ossuary)
  2 worms
  5 dart slugs
  68 orcs
  6 endoplasms
  3 giant cockroaches
  14 goblins
  9 hobgoblins
  4 jackals (D:1)
  18 kobolds
  4 quokkas (D:1)
  9 ball pythons
  5 bats
  3 frilled lizards
  7 goblin zombies (Ossuary)
  3 hobgoblin zombies
  3 jackal zombies (Ossuary)
  3 kobold zombies (Ossuary)
  5 orc zombies
  5 quokka zombies (Ossuary)
  2 rats
  3 rat zombies (Ossuary)
304 creatures vanquished.

Vanquished Creatures (others)
  2 plants (D:8)
2 creatures vanquished.

Grand Total: 306 creatures vanquished

Notes
Turn   | Place    | Note
-------+----------+-------------------------------------------
     0 | D:1      | themarg the Troll Earth Elementalist began the quest for
                  | the Orb.
     0 | D:1      | Reached XP level 1. HP: 16/16 MP: 1/1
    71 | D:1      | Reached skill level 1 in Unarmed Combat
    73 | D:1      | Reached XP level 2. HP: 26/26 MP: 2/2
    79 | D:1      | Reached skill level 1 in Fighting
   593 | D:2      | Reached XP level 3. HP: 33/33 MP: 3/3
   995 | D:2      | Found a sacrificial altar of Ru.
  1141 | D:2      | Found a faded altar of an unknown god.
  1290 | D:3      | Noticed Sigmund
  1309 | D:3      | Killed Sigmund
  1310 | D:3      | Reached skill level 3 in Fighting
  1310 | D:3      | Reached XP level 4. HP: 39/45 MP: 4/4
  1310 | D:3      | Reached XP level 5. HP: 46/53 MP: 5/5
  1328 | D:3      | Noticed Robin
  1478 | D:3      | Killed Robin
  1617 | D:3      | Reached XP level 6. HP: 54/61 MP: 6/6
  1784 | D:3      | Noticed Ijyb
  1784 | D:3      | Noticed Terence
  2376 | D:4      | Reached skill level 4 in Fighting
  2376 | D:4      | Reached skill level 5 in Unarmed Combat
  2376 | D:4      | Reached XP level 7. HP: 37/70 MP: 7/7
  2863 | D:5      | Entered Level 5 of the Dungeon
  2910 | D:5      | Found a sand-covered staircase.
  2917 | Ossuary  | Entered an ossuary
  2949 | Ossuary  | Reached skill level 5 in Fighting
  3109 | Ossuary  | Reached XP level 8. HP: 80/80 MP: 8/8
  3312 | D:5      | Noticed Duvessa
  3312 | D:5      | Noticed Dowan
  3407 | D:5      | Reached skill level 1 in Throwing
  3964 | D:6      | Reached skill level 6 in Fighting
  3977 | D:6      | Found Upumialib's Magic Scroll Boutique.
  4024 | D:6      | Bought a scroll of blinking for 82 gold pieces
  4024 | D:6      | Bought a scroll of vulnerability for 44 gold pieces
  4146 | D:6      | Identified the amulet of Macvis {Reflect Regen+ Str+3 SH+5}
  4247 | D:6      | Reached skill level 7 in Fighting
  4267 | D:6      | Identified the +4 short sword of Rubbish {antimagic, rF+}
  4428 | D:7      | Reached XP level 9. HP: 92/93 MP: 9/9
  4553 | D:7      | Noticed Menkaure
  4560 | D:7      | Killed Menkaure
  4637 | D:7      | Found a staircase to the Ecumenical Temple.
  4651 | Temple   | Entered the Ecumenical Temple
  5226 | Temple   | Became a worshipper of Warmaster Okawaru
  5340 | D:7      | Reached skill level 8 in Fighting
  5375 | D:7      | Found a runed translucent gate.
  5520 | D:7      | Found Jezush's Assorted Antiques.
  5727 | D:7      | Found a runed translucent gate.
  5727 | D:7      | Found a runed translucent gate.
  5729 | D:7      | Noticed thug444's ghost (novice TrTm)
  5729 | D:7      | Noticed BillyBaka's ghost (novice MiFi)
  5928 | D:8      | Reached skill level 9 in Fighting
  6087 | D:8      | Reached * piety under Okawaru
  6329 | D:8      | Reached skill level 10 in Fighting
  6334 | D:8      | Reached skill level 1 in Invocations
  6334 | D:8      | Reached XP level 10. HP: 105/110 MP: 10/10
  6337 | D:8      | Reached ** piety under Okawaru
  6338 | D:8      | Reached skill level 1 in Evocations
  7009 | D:9      | Noticed Maurice
  7033 | D:9      | Killed Maurice
  7151 | D:9      | Noticed a two-headed ogre
  7172 | D:9      | Killed a two-headed ogre
  7173 | D:9      | Reached skill level 5 in Invocations
  7236 | D:9      | Found Plog's General Store.
  7240 | D:9      | Bought a scroll of brand weapon for 123 gold pieces
  7240 | D:9      | Bought a potion of curing for 39 gold pieces
  7240 | D:9      | Bought a scroll of identify for 26 gold pieces
  7240 | D:9      | Bought a potion of curing for 39 gold pieces
  7240 | D:9      | Bought a scroll of teleportation for 39 gold pieces
  7364 | D:9      | Reached *** piety under Okawaru
  7401 | D:9      | Found a staircase to the Lair.
  7448 | D:9      | Reached skill level 5 in Dodging
  7656 | D:9      | Found a staircase to the Orcish Mines.
  7823 | D:9      | Reached XP level 11. HP: 66/117 MP: 11/13
  7857 | D:9      | Reached skill level 5 in Throwing
  8150 | D:10     | Entered Level 10 of the Dungeon
  8151 | D:10     | Noticed a two-headed ogre
  8164 | D:10     | Slain by a two-headed ogre

Illustrated notes

Levels and vault maps discovered:
D:1:      erik_arrival_orb_chamber, layout_rooms
D:2:      layout_loops_corners, basic_ecumenical_altar, basic_altar
D:3:      layout_rooms, uniq_ijyb, uniq_terence, uniq_sigmund, uniq_robin
D:4:      layout_cave_pods, hangedman_abyss_or_decor_stagger, minmay_vboxes
D:5:      layout_basic, nicolae_ossuary_entry_giza, uniq_duvessa
D:6:      layout_rooms, serial_shops, shop
D:7:      minmay_flawed_box, layout_loops_ring, minmay_temple_entry_waves,
          serial_shops, nicolae_take_the_stairs, gammafunk_ghost_cemetery,
          uniq_menkaure
D:8:      layout_loops_ring, special_room [special_room_orc],
          nicolae_grassy_gnolls
D:9:      layout_roguey, erik_lair_orcish_takeover, hiddenorc1_lemuel,
          serial_shops, nicolae_shop_back_alley_shop, serial_rivers,
          chequers_serial_rivers_small_a, chequers_serial_rivers_micro_e,
          chequers_serial_rivers_micro_d, chequers_serial_rivers_large_a,
          chequers_serial_rivers_micro_a, dreamdust_princess_bridge,
          uniq_maurice
D:10:     cheibrodos_grave_circle, layout_loops_corners, lemuel_round_altar,
          eino_small_chamber_without_monster, uniq_snorg, uniq_fannar,
          uniq_josephine
Temple:   mainiacjoe_temple_starburst

Skill      XL: |  1  2  3  4  5  6  7  8  9 10 11 |
---------------+----------------------------------+-----
Unarmed Combat | 1 3 4 5 6 7 |  7.0
Fighting       | 1 3 4 5 7 10 | 10.0
Throwing       | 3 4 5 |  5.0
Invocations    | 1 5 |  5.0
Evocations     | 2 |  2.0
Dodging        | 5 |  5.0
Stealth        | |  1.0
Spellcasting   | |  1.2
Transmutations | |  0.6
Earth Magic    | |  2.6

Action                     |  1- 3 |  4- 6 |  7- 9 | 10-12 || total
---------------------------+-------+-------+-------+-------++-------
  Melee: Unarmed           |   106 |   144 |   432 |   302 ||   984
         Punch             |       |     2 |    18 |    11 ||    31
 Invoke: Heroism           |       |       |       |     6 ||     6
  Evoke: Wand              |       |       |       |     6 ||     6
    Use: Scroll            |       |     7 |     8 |     3 ||    18
         Potion            |       |       |       |     1 ||     1
   Stab: Sleeping          |       |     1 |     1 |     1 ||     3
         Distracted        |       |       |     1 |       ||     1
 Armour: Robe              |    42 |    56 |   169 |    66 ||   333
  Dodge: Dodged            |    51 |    77 |   187 |   107 ||   422

Table legend: (Time is in decaauts)
 A = Elapsed time spent in this place.
 B = Non-inter-level travel time spent in this place.
 C = Inter-level travel time spent in this place.
 D = Time resting spent in this place.
 E = Time spent auto-exploring this place.
 F = Levels seen in this place.
 G = Mean time per level.
                   A        B        C        D        E       F      G
               +--------+--------+--------+--------+--------+-----+--------+
         Total |   8055 |   7667 |    388 |    278 |   5415 |  12 |  671.2 |
       Dungeon |   7161 |   6871 |    290 |    278 |   4859 |  10 |  716.1 |
        Temple |    628 |    530 |     98 |      0 |    499 |   1 |  628.0 |
       Ossuary |    265 |    265 |      0 |      0 |     57 |   1 |  265.0 |
               +--------+--------+--------+--------+--------+-----+--------+

Top non-repeatable levels by time:
     D:9: 1246 daAuts
     D:8: 946 daAuts
     D:2: 942 daAuts
     D:4: 889 daAuts
     D:7: 886 daAuts
     D:5: 742 daAuts
  Temple: 628 daAuts
     D:3: 562 daAuts
     D:6: 482 daAuts
     D:1: 450 daAuts
 Ossuary: 265 daAuts
    D:10: 12 daAuts
